 Dungeon Crawl Stone Soup version 0.30-a0-52-g86a8295270 (webtiles) character file.

Game seed: 3850846209074437179

674 Newt the Twirler (level 7, -2/45 (54) HPs)
             Began as a Demonspawn Gladiator on Sept 6, 2022.
             Slain by a wight
             ... wielding a +3 flail
              (6 damage)
             ... on level 4 of the Dungeon.
             The game lasted 00:04:30 (3830 turns).

Newt the Twirler (Demonspawn Gladiator)             Turns: 3830, Time: 00:04:31

HP:   -2/45 (54)    AC: 11    Str: 17    XL:     7   Next: 33%
MP:   7/7           EV: 11    Int:  9    God:
Gold: 190           SH:  0    Dex: 14    Spells: 6/6 levels left

rFire   . . .      SeeInvis .    f - +1 quarterstaff
rCold   . . .      Faith    .    (shield currently unavailable)
rNeg    . . .      Spirit   .    g - +0 ring mail
rPois   .          Reflect  .    (helmet restricted)
rElec   .          Harm     .    m - +1 cloak
rCorr   .          Rampage  .    (no gloves)
Will    .....                    r - +0 pair of boots
Stlth   +.........               (no amulet)
HPRegen 0.15/turn                q - ring of wizardry
MPRegen 0.10/turn                (no ring)

@: heavily drained
A: antennae 1, slimy green scales 2, ignite blood 2, spiny 1
a: no special abilities


You were on level 4 of the Dungeon.
You visited 1 branch of the dungeon, and saw 5 of its levels.

You collected 190 gold pieces.

Inventory:

Hand Weapons
 a - a +0 rapier
 f - a +1 quarterstaff (weapon)
Missiles
 e - a javelin (quivered)
 l - 17 poisoned darts
Armour
 b - a +0 leather armour
 c - a +0 helmet
 g - a +0 ring mail (worn)
 h - a +0 scale mail
 m - a +1 cloak (worn)
 r - a +0 pair of boots (worn)
Jewellery
 q - a ring of wizardry (left hand)
Scrolls
 i - a scroll of enchant armour
 j - a scroll of vulnerability
 k - a scroll of noise
 o - 4 scrolls of identify
 p - a scroll of teleportation
Potions
 n - 2 potions of curing
 s - a potion of cancellation {unknown}


   Skills:
 - Level 4.0 Fighting
 - Level 2.6 Short Blades
 - Level 6.0 Staves
 - Level 1.7 Throwing
 + Level 1.0 Armour
 - Level 2.6 Dodging
 - Level 2.0 Stealth


You had 6 spell levels left.
You didn't know any spells.
Your spell library contained the following spells:

 Spells                   Type           Power      Damage    Failure   Level
 Stone Arrow              Conj/Erth      0%         3d7       63%         3
 Summon Guardian Golem    Hex/Summ       0%         N/A       63%         3
 Animate Armour           Summ/Erth      0%         N/A       95%         4
 Orb of Destruction       Conj           0%         9d5       100%        7
 Spellforged Servitor     Conj/Summ      0%         N/A       100%        7
 Lehudib's Crystal Spear  Conj/Erth      0%         10d2      100%        8


Dungeon Overview and Level Annotations

Branches:
Dungeon (5/15)
 Temple: D:4-7

Altars:
Trog
Xom

Annotations:
D:4 2 transporters, IdlyInterested's ghost, novice DsFi


Innate Abilities, Weirdness & Mutations

You have a pair of small antennae on your head.
You are mostly covered in slimy green scales. (AC +3)
Your demonic aura often causes spilled blood to erupt in flames.
You are partially covered in sharp spines.


Message History

The wight is severely damaged.
The wight completely misses you.
The wight struggles against the net.
You hit the wight but do no damage.
The wight is severely damaged.
The wight hits you with a +0 mace.
* * * LOW HITPOINT WARNING * * *
You feel drained.
* * * LOW HITPOINT WARNING * * *
The wight struggles against the net.
You hit the wight.
The wight is severely damaged.
The wight is struck by your spines. The wight hits you with a +0 mace.
* * * LOW HITPOINT WARNING * * *
You feel drained.
The wight struggles against the net.
Unknown command.
You hit the wight.
You destroy the wight!
The wight struggles against the net.
Training target 6.0 for Staves reached!
Your Staves skill increases to level 6!
You need to enable at least one skill for training.
Your Armour skill increases to level 1!
You hit the wight but do no damage.
The wight struggles against the net.
Unknown command.
You hit the wight but do no damage.
The wight struggles against the net.
The net rips apart, and the wight comes free!
Unknown command.
Throw: 2 throwing nets
Press: ? - help, Q - select action, (/) - cycle Shift-Dir - straight line, f/p - wight
Aim: a wight, wielding a +3 flail and wearing a +2 robe of willpower (60% to hit)
You throw a throwing net.
The throwing net barely misses the wight.
The wight closely misses you.
Throw: throwing net
Press: ? - help, Q - select action, (/) - cycle Shift-Dir - straight line, f/p - wight
Aim: a wight, wielding a +3 flail and wearing a +2 robe of willpower (60% to hit)
You throw a throwing net.
The throwing net barely misses the wight.
The wight is struck by your spines. The wight hits you with a +3 flail.
You die...

##......#.#..#.#..#...
#.......#..##..#©....>
#.......#©....)#......
#......(#..##.$#©.#...
#(......#.#..#.#......
#...>..# #..#.#...(..
##....).#..##.W#......
#...z.).#....{O#......
#....@..########..#..(
#........##......##...
##....^..##......##...
#.......##...........
#.....................
#[.............)......
#............(.).##...
#.............)>.##...
#........##......##...


You could see a wight.

Vanquished Creatures
  Sigmund (D:2)
  A phantom (D:4)
  Blork the orc (D:4)
  2 wights (D:4)
  2 iguanas
  Terence (D:2)
  3 orc wizards
  3 adders
  An ufetubus (D:4)
  4 dart slugs
  6 orcs
  9 ball pythons
  7 bats
  7 endoplasms
  4 giant cockroaches
  5 goblins
  2 hobgoblins
  9 quokkas
  A frilled lizard (D:1)
  7 kobolds
  6 rats
82 creatures vanquished.

Notes
Turn   | Place    | Note
-------+----------+-------------------------------------------
     0 | D:1      | Newt the Demonspawn Gladiator began the quest for the Orb.
     0 | D:1      | Reached XP level 1. HP: 16/16 MP: 1/1
   123 | D:1      | Reached skill level 1 in Stealth
   667 | D:1      | Gained mutation: You are partially covered in slimy green
                  | scales. (AC +2) [demonic ancestry]
   667 | D:1      | Reached XP level 2. HP: 22/22 MP: 2/2
   999 | D:1      | Reached skill level 1 in Staves
  1171 | D:1      | Gained mutation: Your demonic aura sometimes causes spilled
                  | blood to erupt in flames. [demonic ancestry]
  1171 | D:1      | Reached XP level 3. HP: 26/27 MP: 3/3
  1390 | D:2      | Noticed Terence
  1397 | D:2      | Killed Terence
  1398 | D:2      | Reached skill level 2 in Staves
  1680 | D:2      | Gained mutation: You are mostly covered in slimy green
                  | scales. (AC +3) [demonic ancestry]
  1680 | D:2      | Reached XP level 4. HP: 24/33 MP: 4/4
  1822 | D:2      | Found a faded altar of an unknown god.
  1868 | D:2      | Noticed Sigmund
  1910 | D:2      | Killed Sigmund
  1911 | D:2      | Reached skill level 4 in Staves
  1911 | D:2      | Gained mutation: Your demonic aura often causes spilled
                  | blood to erupt in flames. [demonic ancestry]
  1911 | D:2      | Reached XP level 5. HP: 25/41 MP: 5/5
  2370 | D:3      | Identified the +2 robe of Pragmatism {rF- rN+ Dex+2}
  2427 | D:3      | Gained mutation: You are partially covered in sharp spines.
                  | [demonic ancestry]
  2427 | D:3      | Reached XP level 6. HP: 48/48 MP: 6/6
  2496 | D:3      | Found a bloodstained altar of Trog.
  2610 | D:3      | Found a shimmering altar of Xom.
  2775 | D:4      | Noticed Blork the orc
  2784 | D:4      | Killed Blork the orc
  2857 | D:4      | Found a transporter.
  2879 | D:4      | Noticed IdlyInterested's ghost (novice DsFi)
  2901 | D:5      | Entered Level 5 of the Dungeon
  3522 | D:4      | Reached skill level 5 in Staves
  3537 | D:4      | Gained mutation: You have a pair of small antennae on your
                  | head. [demonic ancestry]
  3537 | D:4      | Reached XP level 7. HP: 37/54 MP: 7/7
  3787 | D:4      | Found a transporter.
  3827 | D:4      | Reached skill level 6 in Staves
  3827 | D:4      | Reached skill level 1 in Armour
  3830 | D:4      | Slain by a wight

Illustrated notes

Levels and vault maps discovered:
D:1:      lightli_arrival_statuegarden, layout_basic, minmay_octomino_e4
D:2:      layout_rooms, hellmonk_ecumenical_altar_heavens_door,
          minmay_crystal_water, minivault_26, uniq_terence, uniq_sigmund
D:3:      layout_rooms, mainiacjoe_overflow_alcove_1,
          mainiacjoe_overflow_24_doors
D:4:      layout_gridville, gammafunk_ghost_smash, uniq_blork_the_orc
D:5:      layout_loops_ring, mainiacjoe_overflow_surrounded_room,
          pdpol_wu_jian_five_deadly_venoms, minmay_fractal_squares_diagonal_5

Skill      XL: |  1  2  3  4  5  6  7 |
---------------+----------------------+-----
Stealth        | 1 2 |  2.0
Staves         | 1 2 4 5 6 |  6.0
Fighting       | 3 4 |  4.0
Armour         | 1 |  1.0
Short Blades   | |  2.6
Throwing       | |  1.7
Dodging        | |  2.6

Action                   |  1- 3 |  4- 6 |  7- 9 || total
-------------------------+-------+-------+-------++-------
Melee: Quarterstaff      |   106 |   100 |    16 ||   222
       Rapier            |     6 |       |       ||     6
Throw: Throwing net      |       |       |     3 ||     3
  Use: Scroll            |     5 |     3 |       ||     8
 Stab: Sleeping          |     4 |     4 |       ||     8
Armor: Leather armour    |    50 |       |       ||    50
       Skin              |     3 |       |       ||     3
       Ring mail         |     2 |    52 |     5 ||    59
Dodge: Dodged            |    97 |    64 |    10 ||   171

Table legend: (Time is in decaauts)
 A = Elapsed time spent in this place.
 B = Non-inter-level travel time spent in this place.
 C = Inter-level travel time spent in this place.
 D = Time resting spent in this place.
 E = Time spent auto-exploring this place.
 F = Levels seen in this place.
 G = Mean time per level.
                   A        B        C        D        E       F      G
               +--------+--------+--------+--------+--------+-----+--------+
         Total |   3875 |   3815 |     60 |   1159 |   1973 |   5 |  775.0 |
       Dungeon |   3875 |   3815 |     60 |   1159 |   1973 |   5 |  775.0 |
               +--------+--------+--------+--------+--------+-----+--------+

Top non-repeatable levels by time:
     D:1: 1404 daAuts
     D:2: 919 daAuts
     D:5: 616 daAuts
     D:3: 486 daAuts
     D:4: 447 daAuts
